Map: Oxide LE

Players

SortOf

  • Race: Zerg Zerg
  • League: Master

LiquidMaNa (MaNa) - Winner!

  • Race: Protoss Protoss
  • League: Grandmaster

Event: DreamHack SC2 Masters 2021 Summer

VOD

Have the link to the VOD?

Description

Time

  • Played on: May 23, 2021, 2:33 p.m.
  • Length: 20:08

All games in this series

Show
View Real Time Build Order
Export as new Build Order

SortOf Zerg 

Build Orders: Hatch First 

Get SALT Encoding   

  12  0:00  Drone  
  13  0:12  Overlord  
  13  0:17  Drone  
  14  0:30  Drone  
  14  0:31  Drone  
  16  0:51  Drone  
  16  0:52  Hatchery  
  16  0:55  Drone  
  17  0:58  Drone  
  18  1:08  Extractor  
  17  1:13  Spawning Pool  
  16  1:18  Drone  
  16  1:20  Drone  
  18  1:28  Drone  
  20  1:40  Drone  
  20  1:49  Overlord  
  20  2:01  Drone  
  21  2:03  Queen  
  21  2:05  Queen  
  21  2:06  Drone  
  26  2:10  Zergling x2  
  26  2:14  Metabolic Boost  
  27  2:19  Drone  
  27  2:21  Zergling x2  
  29  2:31  Drone  
  30  2:41  Hatchery  
  29  2:44  Drone  
  29  2:47  Queen  
  29  2:50  Zergling x2  
  33  2:53  Overlord  
  33  2:55  Drone  
  35  2:58  Drone x2  
  36  3:11  Queen, Zergling x2  
  39  3:14  Zergling x2  
  39  3:19  Drone x3  
  43  3:20  Overlord  
  43  3:21  Drone  
  44  3:33  Drone  
  44  3:34  Drone  
  43  3:37  Drone  
  42  3:43  Overlord  
  42  3:45  Queen  
  44  3:49  Overlord  
  44  3:53  Overlord  
  44  3:54  Drone x3  
  47  3:56  Drone  
  48  4:04  Queen  
  48  4:08  Drone x3  
  52  4:12  Spore Crawler  
  52  4:15  Drone x3  
  54  4:19  Drone x2  
  56  4:25  Drone x4  
  60  4:34  Drone x3, Roach Warren  
  62  4:39  Queen  
  62  4:44  Drone  
  62  4:45  Spore Crawler  
  63  4:47  Drone x3  
  66  4:59  Drone  
  67  5:01  Queen  
  67  5:03  Overlord  
  67  5:05  Drone x5  
  67  5:06  Extractor  
  73  5:13  Lair  
  73  5:14  Drone  
  73  5:15  Overlord  
  73  5:19  Overlord  
  74  5:23  Drone x6, Extractor  
  79  5:30  Extractor  
  79  5:31  Drone, Queen  
  79  5:33  Extractor  
  79  5:36  Extractor  
  79  5:37  Drone x2  
  79  5:42  Drone x4  
  84  5:44  Spore Crawler  
  84  5:48  Overlord  
  83  5:54  Overlord  
  83  5:58  Queen  
  83  5:59  Overlord  
  83  6:02  Overlord  
  85  6:04  Drone, Overlord  
  85  6:07  Drone x3  
  85  6:08  Overlord  
  89  6:11  Queen  
  91  6:22  Roach x3  
  91  6:23  Nydus Network  
  91  6:25  Roach  
  95  6:26  Hatchery  
  95  6:29  Drone x2  
  95  6:31  Roach  
  96  6:33  Drone  
  96  6:38  Roach  
  99  6:40  Roach x4  
  99  6:41  Roach  
  99  6:44  Queen  
  112  6:49  Roach x2  
  116  6:58  Queen  
  116  7:00  Nydus Canal  
  118  7:02  Queen, Overlord  
  118  7:06  Roach  
  122  7:11  Roach x4  
  122  7:13  Overlord  
  122  7:14  Ravager x2  
  131  7:16  Overlord  
  131  7:20  Queen  
  132  7:22  Ravager x2  
  132  7:23  Roach x3  
  132  7:26  Roach  
  132  7:28  Roach  
  142  7:31  Roach x3  
  154  7:37  Roach x3  
  154  7:44  Roach x4  
  153  7:51  Ravager x4  
  153  7:52  Nydus Canal  
  153  7:53  Queen  
  155  7:58  Roach  
  155  8:00  Queen, Roach x3  
  163  8:06  Ravager  
  163  8:07  Queen  
  163  8:08  Zergling x6  
  169  8:13  Zergling x2  
  165  8:21  Spire, Roach x2  
  165  8:23  Roach  
  165  8:25  Roach  
  169  8:28  Drone  
  170  8:40  Queen  
  170  8:42  Overlord  
  170  8:43  Nydus Canal  
  170  8:44  Queen  
  170  8:46  Roach x2  
  164  8:48  Roach x3  
  160  9:02  Hatchery  
  160  9:04  Queen  
  159  9:10  Ravager  
  148  9:17  Queen  
  148  9:21  Drone  
  148  9:22  Drone x2, Infestation Pit  
  148  9:23  Queen  
  152  9:29  Drone x4  
  153  9:36  Corruptor x5  
  159  9:39  Queen  
  159  9:41  Corruptor  
  159  9:44  Spore Crawler x2  
  145  9:53  Queen  
  145  9:58  Ravager x2  
  145  9:59  Queen, Ravager, Corruptor  
  154  10:01  Infestor x2  
  158  10:14  Corruptor x2  
  158  10:15  Queen  
  158  10:17  Overlord  
  158  10:18  Zergling x10  
  164  10:27  Queen  
  166  10:28  Queen  
  166  10:32  Extractor x2  
  154  10:39  Hive  
  154  10:41  Corruptor  
  154  10:43  Zergling x6  
  154  10:48  Zergling x8  
  158  10:57  Drone x3  
  158  10:59  Zergling x14  
  168  11:06  Overlord  
  168  11:09  Corruptor  
  168  11:10  Corruptor  
  168  11:11  Drone  
  168  11:17  Drone x2  
  168  11:18  Drone x5  
  164  11:25  Evolution Chamber x2  
  164  11:28  Corruptor x2  
  157  11:39  Corruptor x3  
  156  11:48  Zergling x16  
  156  11:52  Viper x2  
  156  11:54  Viper  
  173  12:08  Ultralisk Cavern  
  172  12:21  Hatchery  
  172  12:22  Zerg Melee Weapons Level 1, Zerg Ground Armor Level 1  
  167  12:27  Drone x4  
  160  12:31  Hatchery  
  158  12:40  Roach x3  
  158  12:41  Roach x9  
  182  12:50  Roach x4  
  190  12:56  Lair  
  190  13:08  Ravager x3  
  190  13:10  Overlord  
  190  13:11  Overlord  
  193  13:12  Spore Crawler  
  193  13:18  Ravager  
  193  13:19  Ravager  
  186  13:30  Chitinous Plating  
  186  13:31  Ultralisk  
  192  13:43  Extractor  
  192  13:45  Drone x8  
  192  13:46  Extractor  
  198  13:54  Baneling Nest  
  193  13:57  Queen x2  
  193  14:00  Zergling x18  
  196  14:09  Zergling x16  
  185  14:12  Ultralisk  
  187  14:21  Hive  
  187  14:22  Drone x3  
  187  14:23  Drone  
  189  14:25  Ravager x8  
  189  14:27  Overseer  
  197  14:35  Zergling x6  
  198  14:49  Overlord  
  198  14:50  Baneling x6, Centrifical Hooks  
  198  15:03  Spore Crawler x2  
  196  15:18  Zerg Ground Armor Level 2, Zerg Melee Weapons Level 2  
  196  15:19  Spire  
  193  15:40  Ultralisk x2  
  187  15:54  Zergling x24  
  199  16:01  Overlord  
  199  16:02  Overseer  
  199  16:03  Hatchery  
  198  16:04  Anabolic Synthesis  
  198  16:05  Spire  
  198  16:08  Drone x2  
  170  16:30  Zergling x26  
  149  16:35  Corruptor  
  136  16:40  Corruptor x9  
  154  16:48  Drone x10  
  164  16:54  Overseer  
  164  16:55  Ravager  
  165  17:06  Viper  
  160  17:16  Zergling x26  
  168  17:23  Zerg Flyer Armor Level 1  
  168  17:25  Zerg Flyer Weapons Level 1  
  168  17:30  Drone x2  
  168  17:32  Viper  
  168  17:34  Baneling x3  
  173  17:40  Zergling x10  
  174  17:53  Viper x2  
  179  17:59  Zergling x8  
  179  18:00  Zergling x10  
  188  18:18  Ultralisk  
  194  18:23  Drone x6  
  200  18:32  Overseer x2  
  200  18:44  Spine Crawler  
  200  18:47  Baneling x6  
  200  18:48  Baneling x3  
  196  19:10  Zergling x4  
  196  19:11  Zergling x4  
  199  19:20  Hatchery  
  196  19:34  Baneling  
  196  19:35  Baneling x10  
  193  19:41  Zergling x26  
Show
View Real Time Build Order
Export as new Build Order

LiquidMaNa Protoss - Winner!

Build Orders: 1 Gate Expand, Oracle Opening, Carriers 

Get SALT Encoding   

  12  0:00  Probe  
  13  0:12  Probe  
  14  0:19  Pylon  
  14  0:24  Probe  
  15  0:37  Probe (Chrono Boost)  
  16  0:44  Gateway  
  16  0:46  Probe (Chrono Boost)  
  17  0:50  Assimilator  
  17  0:51  Probe  
  18  1:03  Probe (Chrono Boost)  
  19  1:13  Probe (Chrono Boost)  
  19  1:18  Probe (Chrono Boost)  
  21  1:30  Nexus  
  21  1:39  Cybernetics Core  
  21  1:46  Assimilator  
  21  1:47  Probe  
  21  1:53  Pylon  
  22  1:59  Probe  
  23  2:11  Probe  
  23  2:12  Adept (Chrono Boost)  
  26  2:16  Warp Gate  
  26  2:24  Probe  
  26  2:29  Stargate  
  27  2:35  Adept (Chrono Boost)  
  27  2:36  Probe  
  30  2:42  Probe  
  31  2:48  Probe  
  32  2:54  Probe  
  32  2:56  Adept (Chrono Boost)  
  35  3:00  Probe  
  35  3:04  Void Ray (Chrono Boost)  
  36  3:06  Probe  
  36  3:11  Gateway  
  36  3:12  Probe  
  38  3:18  Probe  
  43  3:24  Probe, Pylon  
  44  3:31  Probe  
  45  3:36  Probe  
  45  3:40  Oracle  
  45  3:43  Probe  
  45  3:47  Pylon  
  46  3:48  Probe  
  46  3:50  Assimilator  
  46  3:52  Assimilator  
  46  3:55  Probe  
  48  4:00  Probe (Chrono Boost)  
  49  4:03  Robotics Facility  
  49  4:07  Probe (Chrono Boost)  
  50  4:12  Void Ray  
  52  4:18  Probe (Chrono Boost)  
  52  4:19  Probe (Chrono Boost)  
  52  4:21  Pylon  
  52  4:24  Probe (Chrono Boost)  
  56  4:25  Probe (Chrono Boost)  
  56  4:26  Adept  
  60  4:33  Probe  
  60  4:37  Probe  
  60  4:38  Pylon  
  62  4:42  Nexus  
  62  4:48  Probe  
  62  4:49  Probe  
  62  4:50  Observer  
  65  4:53  Void Ray  
  65  4:54  Robotics Bay  
  69  5:00  Probe  
  70  5:09  Probe  
  70  5:10  Shield Battery  
  70  5:12  Probe  
  72  5:21  Probe  
  73  5:22  Stargate  
  73  5:24  Probe  
  73  5:25  Forge  
  73  5:26  Protoss Air Weapons Level 1  
  74  5:33  Probe  
  74  5:34  Adept  
  77  5:37  Probe  
  78  5:45  Pylon  
  78  5:50  Pylon  
  78  5:53  Disruptor  
  78  5:54  Probe x2  
  83  6:00  Probe, Void Ray  
  84  6:06  Probe x2  
  84  6:09  Assimilator  
  90  6:12  Probe, Assimilator  
  90  6:18  Probe x2, Photon Cannon  
  93  6:20  Shield Battery  
  93  6:24  Probe  
  94  6:30  Probe x2  
  94  6:31  Disruptor  
  99  6:36  Probe  
  98  6:42  Probe x2  
  98  6:48  Fleet Beacon  
  98  6:49  Stargate  
  98  6:52  Phoenix x2  
  102  7:00  Zealot x2  
  106  7:03  Gateway  
  106  7:04  Gateway  
  106  7:09  Photon Cannon  
  106  7:10  Pylon  
  106  7:11  Pylon  
  106  7:15  Photon Cannon  
  106  7:22  Void Ray x2 (Chrono Boost)  
  106  7:24  Shield Battery  
  106  7:28  Disruptor  
  117  7:40  Void Ray (Chrono Boost)  
  115  7:46  Stalker x2  
  115  7:49  Pylon  
  121  7:51  Pylon  
  121  7:56  Void Ray (Chrono Boost)  
  121  8:01  Photon Cannon, Void Ray (Chrono Boost)  
  121  8:04  Pylon  
  123  8:10  Void Ray  
  123  8:12  Pylon  
  127  8:16  Pylon  
  130  8:26  Observer, Void Ray  
  127  8:37  Void Ray  
  127  8:48  Observer  
  131  8:55  Probe  
  122  9:03  Observer  
  122  9:08  Disruptor  
  125  9:13  Flux Vanes  
  125  9:17  Void Ray (Chrono Boost)  
  124  9:39  Void Ray x2 (Chrono Boost)  
  132  9:54  Nexus  
  132  9:55  Pylon  
  132  10:01  Pylon  
  132  10:14  Nexus  
  132  10:15  Void Ray x2  
  132  10:19  Pylon  
  140  10:24  Photon Cannon  
  140  10:26  Photon Cannon, Pylon  
  140  10:29  Photon Cannon  
  140  10:30  Shield Battery  
  140  10:43  Protoss Air Weapons Level 2 (Chrono Boost)  
  140  10:48  Void Ray  
  140  10:52  Photon Cannon  
  144  11:06  Void Ray  
  142  11:15  Twilight Council  
  145  11:21  Zealot x4  
  145  11:38  Protoss Ground Weapons Level 1 (Chrono Boost)  
  144  11:45  Assimilator  
  144  11:46  Assimilator  
  144  11:50  Charge (Chrono Boost), Zealot x3  
  144  11:52  Gateway  
  144  11:53  Gateway  
  150  11:55  Templar Archives, Gateway  
  150  11:56  Assimilator  
  150  11:57  Gateway  
  150  11:58  Assimilator  
  150  11:59  Zealot  
  150  12:00  Photon Cannon, Gateway  
  152  12:26  Observer  
  152  12:27  Photon Cannon  
  152  12:29  Observer, Photon Cannon  
  144  12:35  High Templar x3  
  144  12:36  High Templar  
  148  12:38  Photon Cannon  
  148  12:42  Pylon  
  148  12:45  Pylon  
  148  12:54  Zealot x3  
  148  12:55  Zealot x2  
  158  13:13  Zealot x4  
  166  13:22  Protoss Air Weapons Level 3  
  166  13:23  Psionic Storm  
  166  13:28  Zealot x5  
  166  13:33  Observer  
  166  13:34  High Templar x4  
  155  14:12  Carrier x3 (Chrono Boost)  
  167  14:18  Zealot x8  
  167  14:20  Observer  
  173  14:34  Protoss Ground Weapons Level 2  
  173  14:39  Zealot  
  173  14:41  Nexus  
  175  14:54  High Templar x2  
  175  14:55  High Templar x3  
  175  14:56  High Templar  
  175  14:59  Archon x2  
  187  15:00  Archon  
  187  15:04  Pylon, Immortal  
  189  15:20  Zealot x2  
  191  15:27  Robotics Facility x2  
  188  15:48  High Templar x4  
  196  15:52  Archon x2  
  196  15:54  Zealot x2  
  150  16:41  High Templar  
  150  16:42  High Templar x3  
  150  16:45  Archon  
  150  16:46  Archon  
  166  16:47  Carrier x2  
  166  16:50  Probe x3  
  166  16:53  Assimilator x2  
  166  16:54  Probe  
  170  16:59  Zealot x5  
  180  17:02  Probe x2, Protoss Air Armor Level 1 (Chrono Boost)  
  182  17:08  Photon Cannon  
  182  17:10  Photon Cannon  
  182  17:14  Zealot x4  
  178  17:24  Photon Cannon, Shield Battery  
  178  17:29  High Templar x3  
  184  17:30  High Templar  
  184  17:34  Photon Cannon, Archon  
  184  17:35  Archon  
  184  17:36  Shield Battery  
  186  17:39  Observer  
  185  17:56  Zealot x2  
  185  17:57  Zealot x3  
  187  18:11  Carrier x2 (Chrono Boost)  
  179  18:14  Carrier (Chrono Boost)  
  197  18:22  Pylon  
  197  18:34  Observer  
  197  18:35  High Templar x2  
  199  18:51  Archon  
  199  18:55  Nexus  
  197  19:12  Observer  
  197  19:30  Zealot  
Tags
 
Add a new tag
Caveats
  • Supply blocks, unpowered buildings, or Contaminate may cause inaccurate times.
  • Supply counts are checked every 10 seconds.